Arrhythmia, chaotic female vampiric Convict --------- ##.........### ---------------- # |.......| # #...............| ### |......%| ###|>..............######----- # |.......| #...............| #-...| ### --------- #---------------- |...|######### # # |...|# -+-.----- # # |...|# |.......| # # |...|# |.......| # # ####################....|# ##...`....| # # # -----I # |.......| # ###### ####I@I# |.......| # ##############0######################........| # --------###### ### --------- +#######.......|###### -------------- # # |......| ### # |.............########### |...*..| # ##..<..........| |.......## |............| -------- -------------- Arrhythmia the Jail-bird Experience level: 6 Strength: 18 Dexterity: 12 Constitution: 17 Intelligence: 11 Wisdom: 11 Charisma: 8 Health: 0(55) Energy: 33(33) AC: 10 Gold: 630 Moves: 2221 Your Inventory: Coins $ - 630 gold pieces Weapons o - an [uncursed +0] crude dagger [orcish] Armor b - a cursed +0 striped shirt (being worn) Scrolls d - an uncursed scroll of flood i - an [uncursed] scroll labeled VERR YED HORRE [of enchant armor] j - an [uncursed] scroll of identify Wands e - an uncursed wand of undead turning (0:4) f - an uncursed wand of opening (0:5) n - an [uncursed] wand of striking [0:7] Gems l - an [uncursed] violet gem [worthless glass] Iron balls c - an [uncursed] heavy iron ball (chained to you) (weapon in hand) Spells known in the end: Name Level Category Fail Memory a - cause fear 3 enchantment 100% [||||||||] Your skills at the end: Fighting Skills Weapon Skills sling [Basic / Skilled] Spellcasting Skills Final Attributes: You were piously aligned. Hunger level was 282. Your alignment was 20 / 21. Monster difficulty range was 0 - 5. Level difficulty was 5. You were immune to level-drain. You were immune to sickness. You were blinded. You were punished. You saw invisible. You could fly. You could survive without air. You regenerated. Your luck was zero. You are dead. Vanquished creatures: 2 leprechauns a rock mole a pony a yellow light a kobold mummy a gray ooze 3 rothes 5 dwarf zombies a werejackal an acid blob 3 manes 2 giant rats a yellow mold 2 green molds 2 red molds a gnome zombie 2 geckos 7 jackals 2 foxes 2 kobolds 2 goblins a sewer rat 5 grid bugs 2 lichens 2 kobold zombies 7 newts 60 creatures vanquished. Voluntary challenges: You went without food. You never hit with a wielded weapon. You read items or engraved 138 times. You put on armor 1 time. You never genocided any monsters. You never polymorphed an object. You never changed form. You used no wishes. You wrote Elbereth's name 67 times. You never encountered a bones level. You never used any Sokoban shortcuts. Dungeon overview: The Dungeons of Doom: levels 1 to 5 Level 1 a sink a long staircase Level 3 stairs to The Gnomish Mines Level 5 <- You were here The Gnomish Mines: levels 3 to 4 History has recorded: On T:1 you entered the Dungeons of Doom to retrieve the Amulet of Yendor! On T:348 you advanced to experience level 2. On T:652 you reached level 2 of The Dungeons of Doom. On T:729 you advanced to experience level 3. On T:963 you reached level 3 of The Dungeons of Doom. On T:1157 you advanced to experience level 4. On T:1345 you reached level 4 of The Dungeons of Doom. On T:1444 you advanced to experience level 5. On T:1774 you advanced to experience level 6. On T:1855 you reached level 5 of The Dungeons of Doom. Latest messages: You scrawl "Elbereth" with your fingers onto the ground. It hits! (2x) [HP-6=40] You scrawl "Elbereth" with your fingers onto the ground. [HP+1=41] You scrawl "Elbereth" with your fingers onto the ground. It hits! (2x) [HP-9=32] You scrawl "Elbereth" with your fingers onto the ground. [HP+1=33] You scrawl "Elbereth" with your fingers onto the ground. It hits! It bites! (2x) It hits! (2x) [HP-18=15] You scrawl "Elbereth" with your fingers onto the ground. It hits! It bites! (2x) [HP-6=9] You scrawl "Elbereth" with your fingers onto the ground. It hits! It bites! (2x) You die... Final status: Goodbye Arrhythmia the Convict... You died in The Dungeons of Doom on dungeon level 5 with 2401 points, and 630 pieces of gold, after 2221 moves. You were level 6 with a maximum of 55 hit points when you died.